 Dungeon Crawl Stone Soup version 0.31-a0-631-g285b096dc4 (webtiles) character file.

Game seed: 10591294736832084999

848 Deathmic the Ruffian (level 7, -3/106 HPs)
             Began as a Troll Berserker on Aug 26, 2023.
             Was a Priest of Trog.
             Slain by a killer bee (5 damage)
             ... on level 5 of the Dungeon.
             The game lasted 00:10:40 (3186 turns).

Deathmic the Ruffian (Troll Berserker)              Turns: 3186, Time: 00:10:41

Health: -3/106     AC: 23    Str: 28    XL:     7   Next: 69%
Magic:  6/6        EV:  1    Int:  3    God:    Trog [***...]
Gold:   153        SH:  0    Dex: 15    Spells: 6/6 levels left

rFire   + .          .
                       - Unarmed
rCold   + . .        (no shield)
rNeg    . . .        a - melded +0 animal skin
rPois   +            (helmet currently unavailable)
rElec   .            (cloak currently unavailable)
rCorr   +            (gloves unavailable)
SInv    .            (boots unavailable)
Will    +++..        (no amulet)
Stlth   +            b - +6 ring of dexterity
HPRegen 2.17/turn    h - ring "Guucy" {rF+ rC+ Will+ rCorr}
MPRegen 0.10/turn

%: no passive effects
@: lethally poisoned (-3 -> -4), tree-form, strong-willed (expiring), on berserk
cooldown, regenerating (expiring), slowed, very slow
A: stationary, stasis, torment immunity, boosted hp, large, unfitting armour,
(claws 3), regeneration 1, (shaggy fur 1), (tough skin 1)
a: Renounce Religion, Berserk, Trog's Hand


You were on level 5 of the Dungeon.
You worshipped Trog.
Trog was most pleased with you.
You were a tree.
You visited 1 branch of the dungeon, and saw 5 of its levels.

You collected 153 gold pieces.

Inventory:

Armour
 a - a +0 animal skin (melded)
Jewellery
 b - a +6 ring of dexterity (left branch)
 h - the ring "Guucy" (right branch) {rF+ rC+ Will+ rCorr}
   (You acquired it on level 4 of the Dungeon)

   [ring of resist corrosion]

   rF+:       It protects you from fire.
   rC+:       It protects you from cold.
   Will+:     It increases your willpower.
   rCorr:     It protects you from acid and corrosion.
Wands
 i - a wand of charming (10)
Scrolls
 d - 2 scrolls of identify
 e - a scroll of enchant weapon
 j - a scroll of teleportation
 k - a scroll of fear
Potions
 c - 2 potions of haste
 g - a potion of cancellation
 l - a potion of degeneration {unknown}
 m - a potion of curing {unknown}


   Skills:
 + Level 4.8 Fighting
 + Level 4.8 Dodging
 + Level 5.8 Unarmed Combat


You had 6 spell levels left.
You didn't know any spells.
Your spell library contained the following spells:

 Spells                   Type           Power      Damage    Failure   Level
 Sandblast                Erth           0%         2d4       52%         1
 Slow                     Hex            0%         N/A       52%         1
 Blink                    Tloc           0%         N/A       67%         2
 Passwall                 Tmut/Erth      0%         N/A       67%         2
 Hailstorm                Conj/Ice       0%         3d3       88%         3
 Stone Arrow              Conj/Erth      0%         3d7       88%         3
 Manifold Assault         Tloc           0%         N/A       99%         4
 Summon Ice Beast         Ice/Summ       0%         N/A       99%         4
 Simulacrum               Ice/Necr       0%         N/A       100%        6


Dungeon Overview and Level Annotations

Branches:
Dungeon (5/15)
 Temple: D:4-7

Altars:
The Shining One


Innate Abilities, Weirdness & Mutations

You are a tree.
Your roots penetrate the ground, keeping you stationary.
You cannot be teleported.
You are immune to unholy pain and torment.
Your maximum health is greatly increased.
Your equipment is partially melded.
You are too large for most types of armour.
((You have claws for hands.))
Your natural rate of healing is unusually fast.
((You are covered in fur. (AC +1)))
((You have tough skin. (AC +1)))


Message History

The killer bee barely misses you.
You barely miss the killer bee.
You feel sick.
You claw the killer bee!
You kill the killer bee!
Trog accepts your kill.
You feel sick.
The killer bee stings you but does no damage.
The killer bee barely misses you.
You are no longer berserk.
You are exhausted.
You feel yourself slow down.
You feel sick.
Things that are here:
a killer bee corpse; a killer bee corpse You claw the killer bee!
The killer bee is severely wounded.
You feel the effects of Trog's Hand fading.
You feel very sick. The killer bee stings you.
* * * LOW HITPOINT WARNING * * *
The killer bee stings you!
* * * LOW HITPOINT WARNING * * *
You are more poisoned.
The killer bee poisons you!
The killer bee stings you but does no damage.
The killer bee stings you.
* * * LOW HITPOINT WARNING * * *
The killer bee stings you!
* * * LOW HITPOINT WARNING * * *
* * * LOW HITPOINT WARNING * * *
You feel very sick.
The killer bee attacks as it pursues you!
The killer bee barely misses you.
The killer bee stings you but does no damage. x2
Okay, then.
You turn into a tree.
Your +0 animal skin melds into your body.
Your roots penetrate the ground.
You feel very sick. The killer bee stings you.
You die...

########## #yy♣.....#
#.######.######
...$................#
#####.......##.####.#
#.#.###.##.# #.#.#
#.##.# #.#.###.##.#
#.#.##...#.#
#.#....#...#


You could see 2 killer bees.

Vanquished Creatures
  Sigmund (D:2)
  A black bear (D:5)
  An ogre (D:4)
  A phantom (D:4)
  A scorpion (D:3)
  3 killer bees (D:5)
  A hound (D:4)
  An orc priest (D:3)
  An iguana (D:5)
  An orc wizard (D:3)
  A gnoll (D:4)
  5 adders (D:2)
  2 ufetubi
  4 worms
  A dart slug (D:3)
  4 orcs
  6 endoplasms
  A giant cockroach (D:4)
  5 goblins
  6 hobgoblins
  4 jackals (D:1)
  3 quokkas
  6 ball pythons
  7 bats
  5 frilled lizards
  6 kobolds
  7 rats
85 creatures vanquished.

Notes
Turn   | Place    | Note
-------+----------+-------------------------------------------
     0 | D:1      | Deathmic the Troll Berserker began the quest for the Orb.
     0 | D:1      | Reached XP level 1. HP: 22/22 MP: 0/0
   278 | D:1      | Reached XP level 2. HP: 29/29 MP: 1/1
   419 | D:1      | Found a faded altar of an unknown god.
   429 | D:1      | Got Plato's Essays on Interference
   498 | D:1      | Reached ** piety under Trog
   832 | D:2      | Reached XP level 3. HP: 36/36 MP: 2/2
   969 | D:2      | Found a glowing golden altar of the Shining One.
  1235 | D:2      | Noticed Sigmund
  1253 | D:2      | Reached XP level 4. HP: 45/45 MP: 3/3
  1412 | D:2      | Killed Sigmund
  1413 | D:2      | Reached skill level 4 in Unarmed Combat
  1413 | D:2      | Reached XP level 5. HP: 54/54 MP: 4/4
  2272 | D:3      | Reached XP level 6. HP: 62/62 MP: 5/5
  2564 | D:4      | Reached skill level 5 in Unarmed Combat
  2699 | D:4      | Reached XP level 7. HP: 71/71 MP: 6/6
  2789 | D:4      | Reached *** piety under Trog
  2963 | D:5      | Entered Level 5 of the Dungeon
  3013 | D:4      | Identified a scroll of acquirement
  3013 | D:4      | Acquired the ring "Guucy" {rF+ rC+ Will+ rCorr}
  3043 | D:5      | Identified the +1 leather armour "Upsyazing" {rElec Int+2}
  3184 | D:5      | HP: 3/71 [killer bee (7)]
  3186 | D:5      | Slain by a killer bee

Illustrated notes

Levels and vault maps discovered:
D:1:      lemuel_arrival_muddy, layout_basic,
          shapermc_ecumenical_altar_rom_forum, hangedman_decor_opposing
D:2:      layout_basic, basic_altar, uniq_sigmund
D:3:      layout_basic
D:4:      layout_gridville, minmay_box_of_dots
D:5:      layout_loops_ring, nicolae_overflow_crystal_walls,
          minmay_chambers_of_fives

Skill      XL: |  1  2  3  4  5  6 |
---------------+-------------------+-----
Fighting       | 3 4 |  4.8
Dodging        | 3 4 |  4.8
Unarmed Combat | 4 5 |  5.8

Action                     |  1- 3 |  4- 6 |  7- 9 || total
---------------------------+-------+-------+-------++-------
  Melee: Unarmed           |   100 |    81 |    40 ||   221
         Punch             |     1 |     2 |     2 ||     5
 Invoke: Berserk           |       |     2 |     1 ||     3
         Trog's Hand       |       |       |     1 ||     1
    Use: Scroll            |       |     7 |     5 ||    12
         Potion            |       |       |     1 ||     1
   Stab: Sleeping          |     2 |       |       ||     2
 Armour: Animal skin       |    23 |     6 |    10 ||    39
  Dodge: Dodged            |    45 |    33 |    25 ||   103

Table legend: (Time is in decaauts)
 A = Elapsed time spent in this place.
 B = Non-inter-level travel time spent in this place.
 C = Inter-level travel time spent in this place.
 D = Time resting spent in this place.
 E = Time spent auto-exploring this place.
 F = Levels seen in this place.
 G = Mean time per level.
                   A        B        C        D        E       F      G
               +--------+--------+--------+--------+--------+-----+--------+
         Total |   3185 |   2928 |    257 |     95 |   2148 |   5 |  637.0 |
       Dungeon |   3185 |   2928 |    257 |     95 |   2148 |   5 |  637.0 |
               +--------+--------+--------+--------+--------+-----+--------+

Top non-repeatable levels by time:
     D:2: 1211 daAuts
     D:1: 815 daAuts
     D:3: 514 daAuts
     D:4: 476 daAuts
     D:5: 167 daAuts
